Map: Darkness Sanctuary LE

Players

Eatlead - Winner!

  • Race: Protoss Protoss
  • Spawn Location: 5:00

Kallestål

  • Race: Protoss Protoss
  • Spawn Location: 11:00

VOD

Have the link to the VOD?

Description

Silly basetrade. I hope it entertains some.

Time

  • Played on: June 22, 2018, 4:54 p.m.
  • Length: 20:39
Show
View Real Time Build Order
Export as new Build Order

Eatlead Protoss - Winner!

Build Orders: Dark Templar Rush 

Get SALT Encoding   

  12  0:22  Probe  
  13  0:30  Probe  
  14  0:39  Pylon  
  14  0:40  Probe  
  15  0:53  Assimilator  
  15  0:57  Probe  
  16  1:05  Forge  
  16  1:07  Probe  
  16  1:10  Gateway  
  17  1:15  Probe  
  18  1:45  Gateway  
  18  1:52  Photon Cannon  
  18  1:58  Assimilator  
  18  2:05  Cybernetics Core  
  18  2:06  Pylon  
  18  2:11  Probe  
  19  2:19  Probe  
  19  2:23  Pylon  
  19  2:29  Pylon  
  20  2:43  Warp Gate  
  20  2:45  Gateway  
  20  2:49  Twilight Council  
  20  2:52  Probe  
  21  3:04  Probe  
  22  3:10  Gateway  
  22  3:11  Pylon  
  22  3:12  Probe  
  23  3:26  Dark Shrine  
  23  3:45  Gateway  
  23  3:52  Pylon  
  23  4:07  Gateway  
  23  4:18  Photon Cannon  
  23  4:22  Photon Cannon  
  22  4:51  Stalker  
  22  4:52  Stalker x3  
  30  4:53  Stalker  
  32  5:12  Stalker  
  34  5:22  Blink  
  32  5:42  Stalker x2  
  34  5:43  Stalker  
  34  5:48  Stalker  
  40  6:08  Robotics Facility  
  40  6:14  Stalker  
  40  6:18  Stalker  
  44  6:36  Stalker x2  
  48  6:51  Observer  
  49  7:08  Stalker  
  49  7:09  Stalker x3  
  57  7:26  Stalker x2  
  61  7:33  Stalker  
  63  7:41  Pylon  
  63  8:01  Stalker  
  63  8:02  Stalker  
  67  8:06  Stalker  
  59  8:46  Stalker x3  
  59  8:47  Stalker  
  57  10:09  Stalker x2  
  57  10:10  Stalker x3  
  57  10:11  Stalker  
  67  11:26  Stalker x2  
  71  11:52  Pylon  
  71  11:55  Pylon  
  71  11:57  Pylon  
  71  11:59  Photon Cannon  
  71  12:02  Photon Cannon  
  69  12:37  Stalker x3  
  69  12:38  Stalker  
  65  13:43  Stalker x3  
  65  13:44  Stalker x3  
  77  14:08  Stalker  
  77  14:09  Stalker  
  81  14:13  Stalker  
  83  14:38  Dark Templar  
  85  14:46  Dark Templar  
  19  18:36  Dark Templar  
  14  19:25  Zealot  
Show
View Real Time Build Order
Export as new Build Order

Kallestål Protoss 

Build Orders: Nexus First 

Get SALT Encoding   

  12  0:01  Probe  
  13  0:13  Probe  
  14  0:20  Pylon  
  14  0:25  Probe  
  15  0:34  Probe  
  16  0:42  Probe  
  17  0:52  Probe  
  18  1:04  Probe  
  18  1:05  Nexus  
  19  1:15  Forge  
  19  1:19  Probe  
  20  1:37  Pylon  
  20  1:44  Gateway  
  20  1:46  Probe  
  21  1:57  Photon Cannon  
  21  2:00  Probe, Photon Cannon  
  22  2:06  Assimilator  
  22  2:09  Assimilator  
  22  2:13  Probe  
  23  2:30  Probe  
  24  2:42  Cybernetics Core, Probe x2  
  24  2:50  Probe x2  
  28  2:59  Pylon  
  28  3:00  Pylon  
  28  3:01  Probe  
  28  3:02  Probe  
  30  3:12  Probe x2  
  30  3:17  Assimilator  
  30  3:18  Assimilator  
  32  3:20  Probe x2  
  34  3:28  Stargate  
  34  3:29  Probe x2  
  34  3:30  Stargate  
  36  3:41  Probe x2  
  38  3:44  Pylon  
  38  3:47  Photon Cannon  
  38  3:53  Probe  
  39  3:56  Probe  
  40  4:04  Probe  
  40  4:05  Probe  
  42  4:11  Void Ray  
  46  4:17  Probe  
  47  4:34  Photon Cannon  
  47  4:37  Photon Cannon  
  47  4:40  Probe x2  
  47  4:44  Photon Cannon  
  47  4:45  Photon Cannon  
  49  4:48  Robotics Facility  
  49  4:52  Photon Cannon  
  49  4:53  Probe x2  
  49  4:54  Photon Cannon  
  51  5:06  Fleet Beacon, Probe x2, Void Ray  
  53  5:10  Void Ray  
  57  5:32  Protoss Shields Level 1  
  57  5:33  Protoss Air Armor Level 1  
  57  5:38  Pylon  
  57  5:39  Pylon  
  57  5:50  Observer  
  57  6:10  Mothership  
  57  6:17  Nexus  
  57  6:20  Pylon  
  57  6:22  Pylon  
  65  6:35  Void Ray  
  69  6:41  Assimilator  
  69  6:46  Assimilator  
  69  6:48  Photon Cannon  
  69  6:50  Void Ray  
  69  6:51  Photon Cannon  
  69  6:53  Photon Cannon  
  69  6:57  Pylon  
  69  7:01  Pylon  
  73  7:04  Probe  
  74  7:11  Carrier  
  74  7:16  Probe  
  74  7:20  Twilight Council  
  81  7:29  Probe  
  82  7:33  Probe  
  83  7:41  Probe x2  
  83  7:43  Graviton Catapult  
  85  7:53  Probe  
  86  8:05  Probe x2  
  88  8:16  Void Ray  
  84  8:29  Nexus  
  84  8:32  Pylon  
  84  8:34  Void Ray  
  84  8:35  Pylon  
  84  8:39  Pylon  
  84  8:40  Pylon  
  74  8:43  Pylon  
  74  8:47  Assimilator  
  73  8:52  Assimilator, Void Ray  
  67  9:00  Probe x3  
  69  9:08  Stargate x2  
  69  9:11  Stargate  
  69  9:13  Stargate  
  55  9:42  Carrier  
  55  9:45  Probe x2  
  54  9:46  Carrier  
  57  10:01  Probe x3  
  64  10:16  Pylon  
  64  10:18  Pylon  
  64  10:20  Probe  
  64  10:21  Pylon  
  64  10:24  Probe x2  
  67  10:33  Void Ray  
  67  10:36  Probe  
  68  10:46  Carrier  
  71  10:53  Gateway  
  71  10:54  Gateway  
  71  10:56  Gateway  
  55  11:02  Tempest  
  55  11:06  Probe  
  55  11:07  Probe x2  
  60  11:17  Void Ray  
  64  11:25  Probe  
  64  11:34  Probe  
  64  11:37  Probe  
  64  11:38  Nexus  
  66  11:43  Cybernetics Core  
  66  11:46  Zealot  
  68  12:08  Fleet Beacon, Probe x2  
  57  12:28  Robotics Facility  
  59  12:45  Probe  
  59  12:51  Probe  
  53  13:43  Pylon  
  53  14:00  Assimilator  
  53  14:01  Probe  
  54  14:10  Void Ray  
  54  14:13  Probe  
  54  14:14  Pylon  
  55  14:17  Pylon  
  55  14:28  Probe  
  55  14:29  Carrier  
  55  14:30  Pylon  
  56  14:38  Probe  
  27  16:17  Nexus  
Tags
 
Add a new tag
Caveats
  • Supply blocks, unpowered buildings, or Contaminate may cause inaccurate times.
  • Supply counts are checked every 10 seconds.